 Dungeon Crawl Stone Soup version 0.18.1-48-g4cf74bf (webtiles) character file.

7809 vishdafish the Blocker (level 11, -29/95 HPs)
             Began as a Minotaur Fighter on July 27, 2016.
             Was a Believer of Qazlal.
             Killed from afar by an efreet (33 damage)
             ... with a bolt of fire
             ... on level 12 of the Dungeon on July 28, 2016.
             The game lasted 00:54:42 (7473 turns).

vishdafish the Blocker (Minotaur Fighter)           Turns: 7473, Time: 00:54:42

Health: -29/95     AC: 15    Str: 24    XL:     11   Next: 1%
Magic:  10/10      EV: 16    Int:  5    God:    Qazlal [**....]
Gold:   324        SH: 16    Dex: 15    Spells: 0 memorised, 10 levels left

rFire  . . .     SeeInvis .     f - +1 hand axe (chop)
rCold  + + .     Gourm    .     u - +0 chain mail
rNeg   . . .     Faith    .     K - +0 shield
rPois  +         Spirit   .     (helmet restricted)
rElec  .         Dismiss  .     R - +1 cloak
rCorr  .         Reflect  .     (no gloves)
SustAt .         Harm     .     e - +0 pair of boots
MR     .....                    j - amulet of magic regeneration
Stlth  ..........               y - ring of poison resistance
                                r - ring of protection from cold

@: agile, not resistant to hostile enchantments, extremely unstealthy
A: retaliatory headbutt, horns 2, cold resistance 1
a: Upheaval, Renounce Religion


You were on level 12 of the Dungeon.
You worshipped Qazlal.
Qazlal was pleased with you.
You were not hungry.

You visited 2 branches of the dungeon, and saw 13 of its levels.

You collected 324 gold pieces.

Inventory:

Hand Weapons
 a - a +0 war axe
 f - a +1 hand axe of chopping (weapon)
 i - a +0 war axe
 v - a cursed -1 battleaxe
 A - a +1 dagger of speed
 E - a +0 dagger of pain
 F - a +0 hand axe
 J - a +1 dagger of holy wrath
 P - a +1 spear of flaming
 W - a +4 short sword of speed
Missiles
 t - 3 tomahawks (quivered)
 x - 2 silver tomahawks
 G - 11 poisoned needles
Armour
 b - a +0 scale mail
 c - a +0 shield
 e - a +0 pair of boots (worn)
 k - a +0 robe
 m - a +0 ring mail
 o - a +0 animal skin
 p - a +0 helmet
 q - a +0 ring mail
 s - a +0 large shield
 u - a +0 chain mail (worn)
 w - a +0 ring mail
 D - a +1 helmet
 K - a +0 shield (worn)
 O - a +0 naga barding
 R - a +1 cloak (worn)
 S - a troll hide
Jewellery
 h - a -2 ring of evasion
 j - an amulet of magic regeneration (around neck)
 r - a ring of protection from cold (left hand)
 y - a ring of poison resistance (right hand)
 Q - an uncursed ring of protection from fire
Scrolls
 B - a scroll of teleportation
 C - 3 scrolls of random uselessness
 L - a scroll of enchant weapon {unknown}
 M - a scroll of noise {unknown}
 N - 2 scrolls of remove curse
 U - a scroll of recharging
Potions
 d - a potion of might
 l - a potion of lignification
 I - a potion of cancellation
Miscellaneous
 V - a plain deck of changes
Comestibles
 g - a slice of pizza
 H - a beef jerky
 T - a bread ration


   Skills:
 + Level 8.5 Fighting
 + Level 8.9 Axes
 + Level 1.7 Throwing
 + Level 10.7 Armour
 + Level 5.9 Dodging
 + Level 2.0 Stealth
 + Level 11.5 Shields


You had 10 spell levels left.
You didn't know any spells.

Dungeon Overview and Level Annotations

Branches:
Dungeon (12/15)            Temple (1/1) D:4
   Lair: D:8-11         Orc: D:9-12

Altars:
Ashenzari
Cheibriados
Dithmenos
Elyvilon
Fedhas
Gozag
Kikubaaqudgha
Nemelex Xobeh
Okawaru
Pakellas
Qazlal
Ru
Sif Muna
Xom
Zin
The Shining One

Annotations:
D:9 Prince Ribbit


Innate Abilities, Weirdness & Mutations

You reflexively headbutt those who attack you in melee.
You have a pair of horns on your head.
Your flesh is cold resistant.


Message History

You hit something. Something hits you!
* * * LOW HITPOINT WARNING * * *
The efreet hits you with a scimitar of flaming.
* * * LOW HITPOINT WARNING * * *
The efreet burns you.
* * * LOW HITPOINT WARNING * * *
You hit the efreet but do no damage.
You headbutt the efreet, but do no damage.
The efreet is severely wounded.
You barely miss something. Something hits you.
* * * LOW HITPOINT WARNING * * *
Drink which item? (? for menu, Esc to quit)
You feel agile all of a sudden. The efreet gestures at you.
The bolt of fire hits you!
* * * LOW HITPOINT WARNING * * *
Something hits you but does no damage. The efreet gestures at you.
The bolt of fire hits you!
You die...

#[......... #..:...##
####### ##......####
#.....# #..........#
#.....# #..§.......#
#.....# #...§T.....#
#.....# #..R.......#
##.....########..%.....##.
#..)...........@..........
#......################.##
#.............# #
#.####.######.# #......#
#.# ####.#.# #.##########
#.#.######...(......#
#.#........########.#
#.########.# #.#


You could see a troll and an efreet.

Vanquished Creatures
  Kirke (D:12)
  A centaur warrior (D:12)
  2 hill giants
  A cyclops (D:11)
  Maurice (D:12)
  A freezing wraith (D:11)
  A troll (D:9)
  2 two-headed ogres
  2 hippogriffs
  3 yaks (D:11)
  Menkaure (D:5)
  An ice beast (D:11)
  2 sky beasts (D:6)
  An orc warrior (D:10)
  A wasp (D:12)
  3 black bears
  A phantom (D:9)
  3 ogres
  4 giant frogs
  A gnoll sergeant (D:7)
  A scorpion (D:9)
  A wyvern skeleton (D:8)
  A water moccasin skeleton (D:9)
  4 howler monkeys (D:7)
  A crimson imp (D:6)
  9 orc priests
  2 hounds
  A jelly (D:9)
  A gnoll shaman (D:6)
  A giant frog skeleton (D:11)
  6 orc wizards
  4 worker ants
  A hound zombie (D:6)
  The ghost of ololoev the Firebug, a weakling DEFE (D:3)
  Robin (D:2)
  7 adders
  9 gnolls
  3 shadow imps
  2 oozes
  An adder skeleton (D:5)
  2 worms (D:2)
  2 dart slugs
  27 orcs
  3 giant cockroaches
  8 goblins
  2 hobgoblins
  9 jackals
  2 quokkas
  2 bats
  A giant gecko skeleton (D:4)
  3 giant newts
  A kobold (D:1)
  A quokka skeleton (D:4)
  3 rats
156 creatures vanquished.

Vanquished Creatures (others)
  3 humans (D:12)
  A giant frog skeleton (D:12)
  An orc priest (D:12)
  An orc (D:12)
  5 fungi (D:10)
  A plant (D:10)
12 creatures vanquished.

Grand Total: 168 creatures vanquished

Notes
Turn   | Place    | Note
--------------------------------------------------------------
     0 | D:1      | vishdafish the Minotaur Fighter began the quest for the Orb.
     0 | D:1      | Reached XP level 1. HP: 19/19 MP: 0/0
   179 | D:1      | Reached XP level 2. HP: 27/27 MP: 1/1
   186 | D:1      | Reached skill level 4 in Shields
   384 | D:1      | Gained mutation: Your flesh is cold resistant. [potion of beneficial mutation]
   646 | D:2      | Found a sparkling altar of Nemelex Xobeh.
   797 | D:2      | Reached XP level 3. HP: 33/33 MP: 2/2
   837 | D:2      | Noticed Robin
   854 | D:2      | Killed Robin
   854 | D:2      | Reached skill level 1 in Dodging
  1129 | D:3      | Reached XP level 4. HP: 40/40 MP: 3/3
  1165 | D:3      | Noticed ololoev's ghost (weakling DEFE)
  1169 | D:3      | Noticed a hippogriff
  1170 | D:3      | Killed ololoev's ghost
  1177 | D:3      | Killed a hippogriff
  1177 | D:3      | Reached skill level 5 in Shields
  1177 | D:3      | Reached XP level 5. HP: 22/47 MP: 4/4
  1270 | D:3      | Reached XP level 6. HP: 36/53 MP: 5/5
  1793 | D:3      | Reached skill level 5 in Armour
  1793 | D:3      | Reached skill level 6 in Shields
  1967 | D:4      | Found a staircase to the Ecumenical Temple.
  1990 | Temple   | Entered the Ecumenical Temple
  2071 | Temple   | Became a worshipper of Qazlal Stormbringer
  2273 | D:4      | Reached XP level 7. HP: 48/60 MP: 6/6
  2299 | D:4      | Found a shadowy altar of Dithmenos.
  2314 | D:4      | Found an opulent altar of Gozag.
  2462 | D:5      | Entered Level 5 of the Dungeon
  2476 | D:5      | Noticed Menkaure
  2491 | D:5      | Killed Menkaure
  2491 | D:5      | Reached skill level 1 in Stealth
  2892 | D:6      | Reached skill level 5 in Fighting
  2895 | D:6      | Reached skill level 7 in Shields
  3109 | D:6      | Found a sacrificial altar of Ru.
  3156 | D:6      | Found a shimmering altar of Xom.
  3167 | D:6      | Reached * piety under Qazlal
  3249 | D:6      | Reached XP level 8. HP: 36/69 MP: 7/7
  3444 | D:7      | Reached skill level 5 in Axes
  3714 | D:8      | Reached skill level 8 in Shields
  3862 | D:8      | Noticed a two-headed ogre
  4139 | D:7      | Killed a two-headed ogre
  4142 | D:7      | Reached XP level 9. HP: 27/78 MP: 8/8
  4466 | D:9      | Reached ** piety under Qazlal
  4469 | D:9      | Noticed Prince Ribbit
  4500 | D:9      | HP: 1/78 [orc priest/divine providence (15)]
  4618 | D:8      | Reached skill level 9 in Shields
  5032 | D:9      | Noticed a troll
  5050 | D:9      | Killed a troll
  5480 | D:9      | Found a shadowy altar of Dithmenos.
  5502 | D:10     | Entered Level 10 of the Dungeon
  5561 | D:10     | Noticed a hill giant
  5570 | D:10     | Killed a hill giant
  5570 | D:10     | Reached skill level 1 in Throwing
  5570 | D:10     | Reached skill level 5 in Dodging
  5846 | D:11     | Noticed a hill giant
  5854 | D:11     | Killed a hill giant
  5854 | D:11     | Reached skill level 10 in Shields
  5854 | D:11     | Reached XP level 10. HP: 56/86 MP: 9/9
  6370 | D:12     | Noticed Maurice
  6389 | D:12     | Killed Maurice
  6567 | D:12     | Noticed a centaur warrior
  6582 | D:12     | Noticed Kirke
  6585 | D:12     | Noticed a sphinx
  6596 | D:12     | Noticed a lindwurm
  6616 | D:12     | Noticed a sphinx
  6621 | D:12     | HP: 2/88 [sphinx/divine providence[Kirke] (11)]
  6682 | D:11     | Noticed a cyclops
  6690 | D:11     | Killed a cyclops
  7026 | D:12     | Killed Kirke
  7026 | D:12     | Reached skill level 10 in Armour
  7026 | D:12     | Reached skill level 11 in Shields
  7306 | D:12     | Killed a centaur warrior
  7309 | D:12     | Reached XP level 11. HP: 71/95 MP: 10/10
  7456 | D:12     | Noticed an ogre mage
  7470 | D:12     | HP: 3/95 [efreet/bolt of fire (3)]
  7473 | D:12     | Killed from afar by an efreet

Skill      XL: |  1  2  3  4  5  6  7  8  9 10 |
---------------+-------------------------------+-----
Shields        | 4 5 6 7 8 10 11 | 11.5
Armour         | 4 5 6 7 9 10 | 10.7
Fighting       | 4 5 6 7 8 |  8.5
Dodging        | 1 2 3 4 5 |  5.9
Axes           | 3 4 6 7 8 |  8.9
Stealth        | 1 2 |  2.0
Throwing       | 1 |  1.7

Action                   |  1- 3 |  4- 6 |  7- 9 | 10-12 || total
-------------------------+-------+-------+-------+-------++-------
Melee: War axe           |    71 |   127 |   236 |   116 ||   550
       Headbutt          |     6 |    14 |    52 |    37 ||   109
       Unarmed           |       |       |       |     2 ||     2
       Hand axe          |       |       |       |    16 ||    16
Throw: Tomahawk          |       |       |     8 |       ||     8
  Use: Scroll            |     5 |     1 |     4 |     1 ||    11
       Potion            |     3 |     4 |       |     4 ||    11
  Eat: Bread ration      |     1 |       |     3 |       ||     4
       Beef jerky        |       |     1 |       |       ||     1
       Royal jelly       |       |       |       |     1 ||     1
       Chunk             |       |       |       |     1 ||     1
Armor: Scale mail        |    61 |    57 |       |       ||   118
       Chain mail        |       |    15 |   127 |    53 ||   195
Dodge: Dodged            |    34 |    22 |    99 |    34 ||   189
Block: Shield            |    45 |    41 |   232 |   103 ||   421
       Large shield      |     8 |    65 |       |       ||    73
       Other             |       |       |       |     1 ||     1
